 Dungeon Crawl Stone Soup version 0.31-a0-925-g0a390f2509 (webtiles) character file.

Game seed: 2972033475247502484

207 Error4North the Ruffian (level 5, 0/42 HPs)
             Began as a Draconian Shapeshifter on Oct 18, 2023.
             Slain by Menkaure (12 damage)
             ... on level 4 of the Dungeon.
             The game lasted 00:14:21 (2877 turns).

Error4North the Ruffian (Draconian Shapeshifter)    Turns: 2877, Time: 00:14:22

Health: 0/42       AC:  5    Str: 18    XL:     5   Next: 54%
Magic:  6/6        EV: 12    Int: 10    God:
Gold:   140        SH:  0    Dex: 11    Spells: 5/6 levels left

rFire   . .          .
                       - Unarmed
rCold   . . .        (no shield)
rNeg    . . .        (body armour unavailable)
rPois   .            (helmet currently unavailable)
rElec   .            (cloak currently unavailable)
rCorr   .            (gloves currently unavailable)
SInv    .            (boots currently unavailable)
Will    .....        (no amulet)
Stlth   +            (no ring)
HPRegen 0.27/turn    (no ring)
MPRegen 0.10/turn

%: no passive effects
@: beast-form
A: beast (slay +2), AC +5, unfitting armour, cold-blooded
a: Begin Untransformation


You were on level 4 of the Dungeon.
You were a hulking beast.
You visited 1 branch of the dungeon, and saw 4 of its levels.

You collected 140 gold pieces.

Inventory:

Missiles
 n - 6 poisoned darts
Jewellery
 d - a ring of magical power
Talismans
 b - a beast talisman (active)
 c - a flux talisman
Wands
 l - a wand of polymorph (10)
 p - a wand of mindburst (9)
Scrolls
 e - a scroll of fear {unknown}
 f - a scroll of revelation {unknown}
 g - a scroll of vulnerability {unknown}
 h - 3 scrolls of amnesia {unknown}
 i - 2 scrolls of enchant armour {unknown}
 j - 2 scrolls of teleportation {unknown}
 k - a scroll of blinking {unknown}
 m - a scroll of identify {unknown}
Potions
 a - a potion of lignification


   Skills:
 * Level 2.6 Fighting
 * Level 2.4 Dodging
 + Level 0.8 Stealth
 + Level 3.8 Unarmed Combat
 + Level 1.1 Spellcasting
 + Level 1.3 Transmutations
 + Level 1.2 Poison Magic
 * Level 3.7 Shapeshifting


You had 5 spell levels left.
You knew the following spells:

 Your Spells              Type           Power      Damage    Failure   Level
a - Sting                 Tmut/Pois      12%        1d3       21%         1

Your spell library contained the following spells:

 Spells                   Type           Power      Damage    Failure   Level
 Slow                     Hex            0%         N/A       34%         1
 Poisonous Vapours        Pois/Air       2%         N/A       38%         2
 Ignite Poison            Fire/Tmut/Pois 2%         N/A       58%         3
 Confusing Touch          Hex            0%         N/A       71%         3
 Sigil of Binding         Hex            0%         N/A       71%         3
 Tukima's Dance           Hex            0%         N/A       71%         3
 Vampiric Draining        Necr           0%         2d6       71%         3
 Olgreb's Toxic Radiance  Pois           2%         N/A       91%         4
 Passage of Golubria      Tloc           0%         N/A       98%         4
 Sticky Flame             Conj/Fire      0%         2d3       98%         4
 Yara's Violent Unravell  Hex/Tmut       0%         3d3       100%        5
 Ignition                 Fire           0%         3d3       100%        8


Dungeon Overview and Level Annotations

Branches:
Dungeon (4/15)
 Temple: D:4-7

Altars:

Annotations:
D:4 Menkaure, Sigmund


Innate Abilities, Weirdness & Mutations

You are a hulking beast.
Your limbs bulge with bestial killing power. (Slay +2)
Your plain brown scales are hard. (AC +5)
You cannot fit into any form of body armour.
You are cold-blooded and may be slowed by cold attacks.


Message History

You are more confused.
Sigmund gestures wildly while chanting.
Sigmund flickers and vanishes!
Deactivating autopickup; reactivate with Ctrl-A.
You bump into the rock wall.
The gnoll closely misses you.
The gnoll hits you from afar with a +0 spear.
You feel less confused.
There is a stone staircase leading up here.
You can't go down here!
The gnoll hits you from afar with a +0 spear.
You climb upwards.
Reactivating autopickup.
There is a stone staircase leading down here.
You start resting.
HP restored.
There is a stone staircase leading down, spattered with blood here.
There is a stone staircase leading down, spattered with blood here.
You climb downwards.
Level annotation: Menkaure, Sigmund
There is a stone staircase leading up, spattered with blood here.
Found an escape hatch in the ceiling.
Menkaure shouts!
Menkaure calls on the powers of darkness!
Your body is wracked with pain!
Press: ? - help, v - describe, . - travel
Here: Menkaure The floor.
Found a transparent leather armour.
Menkaure murmurs, "Let me perform the rites..."
It was a potion of curing.
You feel better.
Menkaure calls on the powers of darkness!
Your body is wracked with pain!
Menkaure hits you.
* * * LOW HITPOINT WARNING * * *
You hit Menkaure.
Menkaure is lightly damaged.
You hit Menkaure.
Your tail-slap misses Menkaure.
Menkaure is moderately damaged.
Menkaure hits you!
You die...

..###...#..........
....#..##....#.....
#..........####....
#.....#..# ....
#.......### . ...
#..^......#[. ##
..#..[..........
................
.......h.......#
......!M........
................
...##......!##..
#.# #.......# ..
#.......#
#.....####
#........#..
##..........


You could see Menkaure.

Vanquished Creatures
  A howler monkey (D:4)
  An iguana (D:3)
  Ijyb (D:3)
  2 gnolls
  4 adders
  2 worms (D:2)
  2 dart slugs (D:3)
  An orc (D:3)
  6 bats
  2 endoplasms
  A giant cockroach (D:3)
  4 goblins
  11 hobgoblins
  A quokka (D:3)
  8 ball pythons
  A frilled lizard (D:1)
  3 kobolds
  3 rats
54 creatures vanquished.

Notes
Turn   | Place    | Note
-------+----------+-------------------------------------------
     0 | D:1      | Error4North the Draconian Shapeshifter began the quest for
                  | the Orb.
     0 | D:1      | Reached XP level 1. HP: 16/16 MP: 1/1
   235 | D:1      | Reached XP level 2. HP: 23/23 MP: 2/2
   767 | D:2      | Learned a level 1 spell: Sting
   936 | D:2      | Reached XP level 3. HP: 28/28 MP: 3/3
  1477 | D:3      | Reached skill level 1 in Transmutations
  1477 | D:3      | Reached XP level 4. HP: 26/36 MP: 2/4
  1997 | D:3      | Noticed Ijyb
  2029 | D:3      | Killed Ijyb
  2107 | D:3      | Reached skill level 1 in Poison Magic
  2107 | D:3      | Reached XP level 5. HP: 34/42 MP: 2/5
  2404 | D:3      | Reached skill level 1 in Spellcasting
  2469 | D:4      | Noticed Menkaure
  2633 | D:4      | Noticed Sigmund
  2877 | D:4      | Slain by Menkaure

Illustrated notes

Levels and vault maps discovered:
D:1:      minmay_arrival_semitransparent, layout_loops_ring, serial_forest,
          infiniplex_forest_pool, infiniplex_forest_lined_room_,
          infiniplex_forest_clump_curved, infiniplex_forest_straight_3,
          infiniplex_forest_lined_2, infiniplex_forest_lined_corner,
          infiniplex_forest_clump_large
D:2:      layout_basic
D:3:      layout_basic, uniq_ijyb
D:4:      cheibrodos_greedy_goblins, layout_cave_pools, serial_shops, shop,
          dreamdust_princess_corridor, uniq_sigmund, uniq_menkaure

Skill      XL: |  1  2  3  4  5 |
---------------+----------------+-----
Dodging        | 2 |  2.4
Fighting       | 2 |  2.6
Transmutations | 1 |  1.3
Poison Magic   | 1 |  1.2
Spellcasting   | 1 |  1.1
Stealth        | |  0.8
Unarmed Combat | |  3.8
Shapeshifting  | |  3.7

Action                     |  1- 3 |  4- 6 || total
---------------------------+-------+-------++-------
  Melee: Unarmed           |    91 |    79 ||   170
         Tailslap          |    11 |     9 ||    20
         Punch             |     2 |       ||     2
   Cast: Sting             |     8 |    17 ||    25
    Use: Potion            |       |     4 ||     4
   Stab: Sleeping          |     2 |       ||     2
 Armour: Skin              |    40 |    52 ||    92
  Dodge: Dodged            |    64 |    64 ||   128

Table legend: (Time is in decaauts)
 A = Elapsed time spent in this place.
 B = Non-inter-level travel time spent in this place.
 C = Inter-level travel time spent in this place.
 D = Time resting spent in this place.
 E = Time spent auto-exploring this place.
 F = Levels seen in this place.
 G = Mean time per level.
                   A        B        C        D        E       F      G
               +--------+--------+--------+--------+--------+-----+--------+
         Total |   2845 |   2766 |     79 |    349 |   1441 |   4 |  711.2 |
       Dungeon |   2845 |   2766 |     79 |    349 |   1441 |   4 |  711.2 |
               +--------+--------+--------+--------+--------+-----+--------+

Top non-repeatable levels by time:
     D:3: 1037 daAuts
     D:2: 854 daAuts
     D:1: 715 daAuts
     D:4: 239 daAuts
